 Dungeon Crawl Stone Soup version 0.31-a0-364-gb59cdcccf2 (webtiles) character file.

Game seed: 5749393832767482842

91 floatRand the Ruffian (level 4, -7/35 HPs)
             Began as a Draconian Shapeshifter on July 28, 2023.
             Killed by nerve-wracking pain
             ... invoked by an orc priest
              (13 damage)
             ... on level 3 of the Dungeon.
             The game lasted 00:01:20 (1202 turns).

floatRand the Ruffian (Draconian Shapeshifter)      Turns: 1202, Time: 00:01:21

Health: -7/35      AC:  5    Str: 19    XL:     4   Next: 34%
Magic:  4/4        EV: 12    Int:  9    God:
Gold:   15         SH:  0    Dex: 11    Spells: 3/3 levels left

rFire   . .          .
                       - Unarmed
rCold   . . .        (no shield)
rNeg    . . .        (body armour unavailable)
rPois   .            (helmet currently unavailable)
rElec   .            (cloak currently unavailable)
rCorr   .            (gloves currently unavailable)
SInv    .            (boots currently unavailable)
Will    +....        (no amulet)
Stlth   +            d - ring of willpower
HPRegen 0.25/turn    (no ring)
MPRegen 0.09/turn

%: no passive effects
@: beast-form
A: beast (slay +2), AC +5, unfitting armour, cold-blooded
a: Begin Untransformation


You were on level 3 of the Dungeon.
You were a hulking beast.
You visited 1 branch of the dungeon, and saw 3 of its levels.

You collected 15 gold pieces.

Inventory:

Jewellery
 d - a ring of willpower (left hand)
 k - a ring of see invisible
Talismans
 b - a beast talisman
Scrolls
 c - a scroll of butterflies {unknown}
 e - a scroll of teleportation {unknown}
 f - a scroll of revelation {unknown}
 h - a scroll of enchant armour {unknown}
 i - a scroll of vulnerability {unknown}
 j - a scroll of noise {unknown}
Potions
 a - a potion of lignification
 g - a potion of curing {unknown}


   Skills:
 - Level 1.1 Fighting
 - Level 1.7 Dodging
 * Level 4.5 Unarmed Combat
 + Level 3.6 Shapeshifting


You had 3 spell levels left.
You didn't know any spells.
Your spell library was empty.

Dungeon Overview and Level Annotations

Branches:
Dungeon (3/15)

Altars:


Innate Abilities, Weirdness & Mutations

You are a hulking beast.
Your limbs bulge with bestial killing power. (Slay +2)
Your plain brown scales are hard. (AC +5)
You cannot fit into any form of body armour.
You are cold-blooded and may be slowed by cold attacks.


Message History

The orc is severely wounded.
You punch the orc!
You kill the orc!
You are too injured to fight recklessly!
Unknown command.
You punch the orc!
You kill the orc!
You are too injured to fight recklessly!
Unknown command.
The orc priest hits you with a +0 short sword.
Items here: )) [ ††.
You are too injured to fight recklessly!
You barely miss the orc priest.
The hobgoblin shouts!
The orc priest hits you with a +0 short sword.
Unknown command.
You are too injured to fight recklessly!
You are too injured to fight recklessly!
Unknown command.
You hit the orc priest.
Your tail-slap misses the orc priest.
The orc priest is lightly wounded.
The orc priest hits you with a +0 short sword.
* * * LOW HITPOINT WARNING * * *
You are too injured to fight recklessly!
Unknown command.
You hit the orc priest.
The orc priest is moderately wounded.
The orc priest calls down the wrath of Beogh upon you.
Pain shoots through your body!
* * * LOW HITPOINT WARNING * * *
Unknown command.
Unknown command.
You barely miss the orc priest.
The orc priest is moderately wounded.
The orc priest barely misses you.
You punch the orc priest!
The orc priest is severely wounded.
The orc priest calls down the wrath of Beogh upon you.
Pain shoots through your body!
You die...

#.##.# ## #.##.# ..#
#.##.# #.# #.##.# . #.#
#.##.#### .# #.#
#.......#
..##.####.##.#.#.####
..............###...#
.......)..##<..#h##.#
..##.####.###.#o###.#
.....# #.###.#g# ###
..#..# #.##...g# ..#..#
#)##..#.# ..#..#
#)##..#.# .....#
#.##..#.'...:g.
.#..#####.##..#.'.(og$o
................#.~≈..≈


You could see an orc priest and 2 hobgoblins.

Vanquished Creatures
  4 gnolls
  2 orcs (D:3)
  2 ball pythons (D:2)
  8 endoplasms (D:2)
  3 giant cockroaches
  3 goblins
  3 hobgoblins
  4 jackals (D:1)
  6 kobolds
  A quokka (D:1)
  4 bats
  2 frilled lizards
  3 rats (D:1)
45 creatures vanquished.

Notes
Turn   | Place    | Note
-------+----------+-------------------------------------------
     0 | D:1      | floatRand the Draconian Shapeshifter began the quest for
                  | the Orb.
     0 | D:1      | Reached XP level 1. HP: 16/16 MP: 1/1
   209 | D:1      | Reached XP level 2. HP: 22/23 MP: 2/2
   249 | D:1      | You fall into a shaft and drop 1 floor!
   413 | D:2      | Reached XP level 3. HP: 28/28 MP: 3/3
   585 | D:2      | Reached skill level 4 in Unarmed Combat
  1062 | D:3      | Reached XP level 4. HP: 24/35 MP: 4/4
  1202 | D:3      | Killed from afar by an orc priest

Illustrated notes

Levels and vault maps discovered:
D:1:      mrwooster_arrival_statue, layout_basic, serial_shops,
          nicolae_shop_trees
D:2:      layout_loops_ring
D:3:      layout_loops_ring, grunt_temple_overflow_open,
          ebering_ghost_rock_garden, kennysheep_generic_room_5, uniq_ijyb

Skill      XL: |  1  2  3 |
---------------+----------+-----
Unarmed Combat | 4 |  4.5
Fighting       | |  1.1
Dodging        | |  1.7
Shapeshifting  | |  3.6

Action                     |  1- 3 |  4- 6 || total
---------------------------+-------+-------++-------
  Melee: Unarmed           |   104 |    18 ||   122
         Tailslap          |    14 |     2 ||    16
         Punch             |     3 |       ||     3
   Stab: Sleeping          |     1 |       ||     1
 Armour: Skin              |    30 |       ||    30
  Dodge: Dodged            |    78 |     7 ||    85

Table legend: (Time is in decaauts)
 A = Elapsed time spent in this place.
 B = Non-inter-level travel time spent in this place.
 C = Inter-level travel time spent in this place.
 D = Time resting spent in this place.
 E = Time spent auto-exploring this place.
 F = Levels seen in this place.
 G = Mean time per level.
                   A        B        C        D        E       F      G
               +--------+--------+--------+--------+--------+-----+--------+
         Total |   1199 |   1169 |     30 |     96 |    695 |   3 |  399.7 |
       Dungeon |   1199 |   1169 |     30 |     96 |    695 |   3 |  399.7 |
               +--------+--------+--------+--------+--------+-----+--------+

Top non-repeatable levels by time:
     D:2: 776 daAuts
     D:1: 246 daAuts
     D:3: 176 daAuts
